AoeStats
← LostBard

Arabia

509178892Analyzed
1v1 RM · 7d ago on Sep 25, 2026· 91m 41s· 2 players
Game mode
Random Map
Map size
Tiny (2 player)
Population
200
Speed
Normal
Resources
Standard
Victory
Conquest
Starting age
Dark Age
Ending age
Imperial Age
RankedLock teamsTeams togetherTeam positionsShared explorationLock speedFull tech treeHidden civsTurbo modeCheats
Victory
Defeat
🇺🇸 Mongols · United States
802
+17
🇺🇸 Inca · United States
824
-17
Rico Suave
1:21 Loom
10:34 Feudal Age
11:53 Wheelbarrow
11:04 Double-Bit Axe
15:55 Fletching
18:10 Bloodlines
20:01 Gold Mining
23:34 Castle Age
23:33 Forging
23:29 Scale Barding Armor
24:36 Hand Cart
25:42 Gold Shaft Mining
27:45 Bodkin Arrow
28:25 Town Watch
29:03 Husbandry
29:05 Padded Archer Armor
33:12 Stone Mining
33:39 Horse Collar
35:11 Bow Saw
36:28 Stone Shaft Mining
36:34 Leather Archer Armor
36:51 Town Patrol
36:32 Man-at-Arms
37:13 Squires
40:48 Ballistics
40:24 Murder Holes
41:31 Chain Barding Armor
42:09 Long Swordsman
46:20 Imperial Age
44:28 Heavy Plow
45:01 Light Cavalry
48:50 Imperial Age
49:50 Two-Handed Swordsman
50:56 Drill
50:00 Elite Mangudai
51:52 Bracer
52:43 Capped Ram
52:47 Champion
53:46 Siege Ram
54:38 Scale Mail Armor
59:19 Iron Casting
58:59 Chain Mail Armor
60:46 Heavy Scorpion
62:30 Hussar
63:44 Plate Mail Armor
64:15 Blast Furnace
76:08 Pikeman
82:36 Conscription
LostBard
3:36 Loom
10:51 Feudal Age
12:39 Wheelbarrow
11:46 Horse Collar
11:52 Double-Bit Axe
14:33 Scale Mail Armor
17:30 Forging
17:24 Champi Runner
19:13 Town Watch
19:38 Horse Collar
19:49 Gold Mining
19:49 Stone Mining
21:33 Fletching
26:34 Castle Age
28:27 Hand Cart
28:15 Heavy Plow
28:25 Bow Saw
28:51 Gold Shaft Mining
28:52 Stone Shaft Mining
28:20 Town Patrol
28:07 Pikeman
29:28 Squires
35:55 Imperial Age
34:58 Chain Mail Armor
36:35 Iron Casting
38:06 Conscription
38:20 Arson
37:56 Champi Warrior
42:10 Crop Rotation
43:56 Plate Mail Armor
44:04 Elite Skirmisher
44:53 Thumb Ring
50:52 Fabric Shields
50:13 Elite Kamayuk
54:47 Elite Champi Warrior
61:33 Chemistry
67:13 Blast Furnace
66:15 Padded Archer Armor
70:15 Hoardings
70:17 Capped Ram
76:31 Halberdier
Connection lost

Rejoining the realm…

Still unreachable

The connection could not be restored.

Session expired

The server has moved on; the page needs a fresh start.